 Dungeon Crawl Stone Soup version 0.30.1-8-g117510f58f (webtiles) character file.

Game seed: 17885362853025818367

8323 booth the Summoner (level 11, -2/86 HPs)
             Began as a Gnoll Summoner on Sept 23, 2023.
             Was a Priest of Ashenzari.
             Hit by a stone thrown by a tengu warrior (14 damage)
             ... on level 9 of the Dungeon.
             The game lasted 01:18:55 (9350 turns).

booth the Summoner (Gnoll Summoner)                 Turns: 9350, Time: 01:18:55

Health: -2/86      AC:  9    Str: 10    XL:     11   Next: 29%
Magic:  24/24      EV: 16    Int: 15    God:    Ashenzari [***...]
Gold:   362        SH:  0    Dex: 14    Spells: 5/29 levels left

rFire   + + .        m - +3 hand axe (drain)
rCold   + . .        (no shield)
rNeg    + . .        u - +2 robe of Ashenzari's Loss {rC+ rF+, Melee, Fort} (curse)
rPois   .            F - +0 helmet of Ashenzari's Monotheism {Evo, Self} (curse)
rElec   .            (no cloak)
rCorr   +            s - +0 pair of gloves "Tethered Discomfort" {rF+ rN+, Range, Cun} (curse)
SInv    +            h - +1 pair of boots "Ensconced Portent" {Range, Bglg} (curse)
Will    .....        z - amulet of the Unyielding Gaze {RegenMP, Fort, Melee} (curse)
Stlth   ++++         l - ring of resist corrosion
HPRegen 0.34/turn    (no ring)
MPRegen 0.59/turn

%: clarity
@: about to teleport
A: fangs 1, strong nose, distributed training
a: Renounce Religion, Shatter the Chains


You were on level 9 of the Dungeon.
You worshipped Ashenzari.
Ashenzari was most pleased with you.
You visited 1 branch of the dungeon, and saw 9 of its levels.
You also visited: Ossuary.

You collected 637 gold pieces.
You spent 275 gold pieces at shops.

Inventory:

Hand Weapons
 g - a +1 hand axe of electrocution
 m - a +3 hand axe of draining (weapon)
 y - a +1 mace of protection
 E - a +0 war axe
 G - a +2 battleaxe
Missiles
 i - 6 poisoned darts (quivered)
 D - 4 boomerangs
Armour
 h - the cursed +1 pair of boots "Ensconced Portent" (worn) {Range, Bglg}
   (You found it on level 2 of the Dungeon)

   It has a curse which improves the following skills: Ranged Combat: Ranged
   Weapons and Throwing.
   Beguiling: Conjurations, Hexes and Translocations.
 s - the cursed +0 pair of gloves "Tethered Discomfort" (worn) {rF+ rN+, Range, Cun}
   (You found it on level 5 of the Dungeon)

   rF:        It protects you from fire.
   rN:        It protects you from negative energy.
   It has a curse which improves the following skills: Ranged Combat: Ranged
   Weapons and Throwing.
   Cunning:   Dodging and Stealth.
 u - the cursed +2 robe of Ashenzari's Loss (worn) {rC+ rF+, Melee, Fort}
   (You took it off Pikel on level 6 of the Dungeon)

   It has a curse which improves the following skills: Melee Combat: Short
   Blades, Long Blades, Axes, Maces & Flails, Polearms, Staves and Unarmed
   Combat.
   Fortitude: Armour and Shields.
 F - the cursed +0 helmet of Ashenzari's Monotheism (worn) {Evo, Self}
   (You found it on level 7 of the Dungeon)

   It has a curse which improves the following skills: Evocations: Evocations.
   Introspection: Fighting and Spellcasting.
Jewellery
 l - a ring of resist corrosion (left hand)
 z - the cursed amulet of the Unyielding Gaze (around neck) {RegenMP, Fort, Melee}
   (You found it on level 6 of the Dungeon)

   [amulet of magic regeneration]

   It increases your rate of magic regeneration.
   It has a curse which improves the following skills: Fortitude: Armour and
   Shields.
   Melee Combat: Short Blades, Long Blades, Axes, Maces & Flails, Polearms,
   Staves and Unarmed Combat.
Wands
 B - a wand of mindburst (20)
Scrolls
 d - 5 scrolls of teleportation
 f - a scroll of silence
 j - a scroll of fear
 n - a scroll of poison
 o - a scroll of butterflies
 q - 2 scrolls of magic mapping
 r - 8 scrolls of identify
Potions
 a - 3 potions of brilliance
 b - a potion of magic
 c - a potion of mutation
 e - 4 potions of lignification
 p - 2 potions of curing
 v - a potion of flight
 w - a potion of ambrosia
 x - 2 potions of haste
 C - a potion of might


   Skills:
 + Level 6.3(7.9) Fighting
 + Level 6.3(8.6) Short Blades
 + Level 6.3(8.6) Long Blades
 + Level 6.3(8.6) Axes
 + Level 6.3(8.6) Maces & Flails
 + Level 6.3(8.6) Polearms
 + Level 6.3(8.6) Staves
 + Level 6.3(8.6) Ranged Weapons
 + Level 6.3(8.6) Throwing
 + Level 6.3(8.6) Armour
 + Level 7.9(9.5) Dodging
 + Level 7.7(9.2) Stealth
 + Level 6.3(8.6) Shields
 + Level 6.3(8.6) Unarmed Combat
 + Level 8.2(9.7) Spellcasting
 + Level 5.3(6.7) Conjurations
 + Level 5.3(6.7) Hexes
 + Level 9.0 Summonings
 + Level 5.3 Necromancy
 + Level 5.3(6.7) Translocations
 + Level 5.3 Transmutations
 + Level 5.3 Fire Magic
 + Level 5.3 Ice Magic
 + Level 5.3 Air Magic
 + Level 5.3 Earth Magic
 + Level 5.3 Poison Magic
 + Level 7.0 Invocations
 + Level 6.3(7.9) Evocations


You had 5 spell levels left.
You knew the following spells:

 Your Spells              Type           Power      Damage    Failure   Level
a - Summon Small Mammal   Summ           100%       N/A       1%          1
b - Call Imp              Summ           68%        N/A       1%          2
c - Call Canine Familiar  Summ           34%        N/A       1%          3
d - Summon Guardian Gole  Hex/Summ       31%        N/A       1%          3
e - Summon Lightning Spi  Summ/Air       28%        N/A       5%          4
f - Inner Flame           Hex/Fire       25%        N/A       2%          3
g - Flame Wave            Conj/Fire      25%        2d8       9%          4
h - Sticky Flame          Conj/Fire      25%        2d5       9%          4

Your spell library contained the following spells:

 Spells                   Type           Power      Damage    Failure   Level


Dungeon Overview and Level Annotations

Branches:
Dungeon (9/15)             Temple (0/1) D:7         Ossuary (visited)
   Lair: D:8-11         Orc: D:9-12

Altars:
Ashenzari
Cheibriados
Elyvilon
Fedhas
Gozag
Kikubaaqudgha
Wu Jian
Xom
Yredelemnul
The Shining One

Shops:
D:1 *   D:9 [

Annotations:
D:7 3 runed translucent doors, turdburglar's ghost, novice DrHW


Innate Abilities, Weirdness & Mutations

You have very sharp teeth.
Your uncanny sense of smell can sniff out nearby items.
Your experience applies equally to all skills.


Message History

The tengu warrior hits you with a +0 great sword.
* * * LOW HITPOINT WARNING * * *
The tengu warrior pecks you.
* * * LOW HITPOINT WARNING * * *
The tengu warrior misses you.
The orc warrior shoots a bolt.
The bolt barely misses your cerulean imp.
The bolt hits you but does no damage.
A centaur warrior comes into view.
It is wielding a +2 morningstar of draining.
Your cerulean imp hits the tengu warrior but does no damage.
The tengu warrior misses your cerulean imp.
The tengu warrior pecks your cerulean imp!
Your cerulean imp dies!
Your cerulean imp disappears in a puff of smoke!
You swap places.
The tengu warrior hits your hound with a +0 great sword!
Your hound dies!
Your hound's corpse disappears in a puff of smoke!
Casting: Call Canine Familiar (safe; 1% risk of failure)
Confirm with . or Enter, or press ? or * to list all spells.
You swap places.
Found a potion of attraction.
Found a stone staircase leading up.
Your hound completely misses the tengu warrior.
You feel a bit more experienced.
Your hound bites the tengu warrior but does no damage.
The tengu warrior closely misses your hound.
The tengu warrior pecks your hound. The tengu warrior claws your hound.
Your hound closely misses the tengu warrior.
Your hound barely misses the tengu warrior.
The tengu warrior hits your hound with a +0 great sword!
Your hound dies!
Your hound's corpse disappears in a puff of smoke!
Aiming: Mindburst
Press: ? - help, Q - select action, (/) - cycle Shift-Dir - straight line, f - tengu warrior
Aim: a tengu warrior, wielding a +0 great sword, wearing the +1 ring mail of Darkness {rC+ rCorr Int-5 Dex+3}, wearing an amulet of the acrobat and quivering stones (chance to affect: 75%)
The tengu warrior's mind is blasted!
The tengu warrior throws a stone.
The stone misses you.
As you read the scroll of teleportation, it crumbles to dust.
You feel strangely unstable.
The tengu warrior throws a stone.
The stone hits you!
You die...

....######
##.###W.#.# *
* #####
#.#.....#.Q.,
, #c####.#
#.#** , #.#
#... ... ,
#W# ###.#*##.
#####Q## .#
#......# * #
#.###.!# ,, ,
, , #@.# * ,
**, #.<### ,
* , ###* , **
, * * ~~ * ,
** ** ~ ~ ~ ,
* ~ ~ , , ,,
* ~ ,, ~, , *


You could see a tengu warrior, a centaur warrior and a wraith.

Vanquished Creatures
  A two-headed ogre (D:9)
  Pikel (D:6)
  A hornet (D:8)
  A vampire (D:9)
  3 yaks (D:9)
  A basilisk (D:9)
  A steam dragon (D:8)
  3 ice beasts
  3 orc warriors
  A sky beast (D:6)
  A centaur (D:9)
  A kobold brigand (D:7)
  2 elf zombies (Ossuary)
  3 scorpions
  A bullfrog (D:6)
  2 wights
  2 killer bees (D:9)
  3 orc priests
  A sleepcap (D:5)
  3 mummies
  4 adders
  2 ufetubi
  2 dart slugs
  8 orcs
  A bat (D:1)
  3 endoplasms
  5 giant cockroaches
  A goblin (D:2)
  A hobgoblin (D:4)
  2 jackals (D:4)
  2 kobolds (D:7)
  A quokka (D:5)
  2 ball pythons
  A frilled lizard (D:3)
  A goblin zombie (Ossuary)
  An orc zombie (D:6)
  4 rats
  2 rat zombies (Ossuary)
78 creatures vanquished.

Vanquished Creatures (collateral kills)
  A cyclops (D:9)
  A wyvern (D:9)
  A wraith (D:9)
  Menkaure (D:6)
  A vampire mosquito (D:9)
  An orc warrior (D:7)
  An ogre (D:3)
  2 phantoms
  An elf zombie (Ossuary)
  A scorpion (D:6)
  3 wights
  A hound (D:6)
  2 jellies
  An orc priest (D:7)
  3 orc wizards
  An iguana (D:5)
  A mummy (Ossuary)
  5 adders
  9 gnolls
  A white imp (D:7)
  2 adder zombies (Ossuary)
  2 worms (D:2)
  4 dart slugs
  9 orcs
  7 endoplasms
  2 giant cockroaches
  11 goblins
  9 hobgoblins
  10 kobolds
  2 ball pythons (D:2)
  4 bats
  2 frilled lizards (D:1)
  A goblin zombie (Ossuary)
  2 hobgoblin zombies
  4 kobold zombies (Ossuary)
  3 quokka zombies (Ossuary)
  6 rats
  A rat zombie (Ossuary)
  A spectral orc (D:3)
120 creatures vanquished.

Vanquished Creatures (others)
  A centaur warrior (D:9)
  A two-headed ogre (D:9)
  A skeletal warrior (D:9)
  2 yaks (D:9)
  Edmund (D:6)
  An orc warrior (D:9)
  A scorpion (D:7)
  5 wights
  A hound (D:7)
  A gnoll bouda (D:5)
  2 iguanas
  3 gnolls
  3 orcs
  An endoplasm (D:4)
  A goblin (D:4)
25 creatures vanquished.

Grand Total: 223 creatures vanquished

Notes
Turn   | Place    | Note
-------+----------+-------------------------------------------
     0 | D:1      | booth the Gnoll Summoner began the quest for the Orb.
     0 | D:1      | Reached XP level 1. HP: 13/13 MP: 6/6
     1 | D:1      | Noticed an electric eel
   132 | D:1      | Reached XP level 2. HP: 19/19 MP: 4/7
   135 | D:1      | Learned a level 2 spell: Call Imp
   378 | D:1      | Found Qeopn's General Store.
   548 | D:1      | Reached skill level 5 in Spellcasting
   548 | D:1      | Reached XP level 3. HP: 23/25 MP: 7/9
   718 | D:1      | Found a faded altar of an unknown god.
   943 | D:2      | Reached skill level 1 in Invocations
  1030 | D:2      | Learned a level 3 spell: Call Canine Familiar
  1034 | D:2      | Learned a level 3 spell: Summon Guardian Golem
  1068 | D:2      | Reached skill level 1 in Fighting
  1068 | D:2      | Reached skill level 1 in Short Blades
  1068 | D:2      | Reached skill level 1 in Long Blades
  1068 | D:2      | Reached skill level 1 in Axes
  1068 | D:2      | Reached skill level 1 in Maces & Flails
  1068 | D:2      | Reached skill level 1 in Polearms
  1068 | D:2      | Reached skill level 1 in Staves
  1068 | D:2      | Reached skill level 1 in Ranged Weapons
  1068 | D:2      | Reached skill level 1 in Throwing
  1068 | D:2      | Reached skill level 1 in Armour
  1068 | D:2      | Reached skill level 1 in Shields
  1068 | D:2      | Reached skill level 1 in Unarmed Combat
  1068 | D:2      | Reached skill level 1 in Evocations
  1239 | D:2      | Reached XP level 4. HP: 32/32 MP: 8/11
  1367 | D:2      | Reached skill level 1 in Conjurations
  1367 | D:2      | Reached skill level 1 in Hexes
  1367 | D:2      | Reached skill level 1 in Necromancy
  1367 | D:2      | Reached skill level 1 in Translocations
  1367 | D:2      | Reached skill level 1 in Transmutations
  1367 | D:2      | Reached skill level 1 in Fire Magic
  1367 | D:2      | Reached skill level 1 in Ice Magic
  1367 | D:2      | Reached skill level 1 in Air Magic
  1367 | D:2      | Reached skill level 1 in Earth Magic
  1367 | D:2      | Reached skill level 1 in Poison Magic
  1467 | D:2      | Reached XP level 5. HP: 37/37 MP: 7/12
  1472 | D:2      | Learned a level 4 spell: Summon Lightning Spire
  1780 | D:3      | Found a snail-covered altar of Cheibriados.
  1966 | D:3      | Noticed a phantom
  1991 | D:3      | Killed a phantom
  2102 | D:3      | Noticed an ogre
  2119 | D:3      | Killed an ogre
  2120 | D:3      | Reached skill level 5 in Dodging
  2120 | D:3      | Reached XP level 6. HP: 43/44 MP: 8/14
  2360 | D:3      | Found a glowing golden altar of the Shining One.
  2514 | D:3      | Found a basalt altar of Yredelemnul.
  2969 | D:4      | Reached XP level 7. HP: 6/50 MP: 8/15
  3327 | D:4      | Found a broken altar of Ashenzari.
  3378 | D:4      | Became a worshipper of Ashenzari the Shackled
  3617 | D:5      | Entered Level 5 of the Dungeon
  3744 | D:5      | Found a white marble altar of Elyvilon.
  3824 | D:5      | Reached skill level 5 in Stealth
  4396 | D:5      | Reached XP level 8. HP: 58/58 MP: 9/16
  4681 | D:5      | Identified the +0 pair of gloves of the Swamp {rF+ rN+}
  4691 | D:5      | Reached * piety under Ashenzari
  4816 | D:6      | Noticed Pikel
  4840 | D:6      | Killed Pikel
  5071 | D:6      | Found a sand-covered staircase.
  5083 | Ossuary  | Entered an ossuary
  5271 | Ossuary  | Reached XP level 9. HP: 54/65 MP: 16/18
  5323 | D:6      | Noticed Edmund
  5345 | D:6      | Killed Edmund
  5366 | D:6      | Reached skill level 8 in Summonings
  5575 | D:6      | Noticed Menkaure
  5591 | D:6      | Killed Menkaure
  5651 | D:6      | Found an ancient bone altar of Kikubaaqudgha.
  5830 | D:6      | Reached ** piety under Ashenzari
  6033 | D:6      | Reached skill level 5 in Invocations
  6206 | D:7      | Found a runed translucent gate.
  6206 | D:7      | Found a runed translucent gate.
  6206 | D:7      | Found a runed translucent gate.
  6208 | D:7      | Found an opulent altar of Gozag.
  6210 | D:7      | Noticed turdburglar's ghost (novice DrHW)
  6278 | D:7      | You fall into a shaft and drop 2 floors!
  6355 | D:7      | Found a blossoming altar of Fedhas.
  6814 | D:7      | Found a staircase to the Ecumenical Temple.
  7115 | D:8      | Reached skill level 5 in Fighting
  7115 | D:8      | Reached skill level 5 in Short Blades
  7115 | D:8      | Reached skill level 5 in Long Blades
  7115 | D:8      | Reached skill level 5 in Axes
  7115 | D:8      | Reached skill level 5 in Maces & Flails
  7115 | D:8      | Reached skill level 5 in Polearms
  7115 | D:8      | Reached skill level 5 in Staves
  7115 | D:8      | Reached skill level 5 in Ranged Weapons
  7115 | D:8      | Reached skill level 5 in Throwing
  7115 | D:8      | Reached skill level 5 in Armour
  7115 | D:8      | Reached skill level 5 in Shields
  7115 | D:8      | Reached skill level 5 in Unarmed Combat
  7115 | D:8      | Reached skill level 5 in Evocations
  7115 | D:8      | Reached XP level 10. HP: 52/74 MP: 18/20
  7450 | D:8      | Paralysed by a hornet for 1 turns
  7796 | D:8      | Found an ornate altar of the Wu Jian Council.
  8436 | D:9      | Noticed a two-headed ogre
  8461 | D:9      | Killed a two-headed ogre
  8530 | D:9      | Found Deim's Antique Armour Emporium.
  8536 | D:9      | Bought a pair of brightly glowing gloves for 275 gold
                  | pieces
  8536 | D:9      | Identified the +2 pair of gloves of Zagotofo {Int+5} (You
                  | bought it in a shop on level 9 of the Dungeon)
  8591 | D:9      | Reached *** piety under Ashenzari
  8604 | D:9      | Learned a level 3 spell: Inner Flame
  8609 | D:9      | Learned a level 4 spell: Flame Wave
  8614 | D:9      | Learned a level 4 spell: Sticky Flame
  8656 | D:9      | Found an opulent altar of Gozag.
  8665 | D:9      | Found a shimmering altar of Xom.
  8738 | D:9      | Noticed a two-headed ogre
  8860 | D:9      | Noticed a centaur warrior
  8867 | D:9      | Killed a centaur warrior
  8872 | D:9      | Killed a two-headed ogre
  8873 | D:9      | Reached skill level 5 in Conjurations
  8873 | D:9      | Reached skill level 5 in Hexes
  8873 | D:9      | Reached skill level 5 in Necromancy
  8873 | D:9      | Reached skill level 5 in Translocations
  8873 | D:9      | Reached skill level 5 in Transmutations
  8873 | D:9      | Reached skill level 5 in Fire Magic
  8873 | D:9      | Reached skill level 5 in Ice Magic
  8873 | D:9      | Reached skill level 5 in Air Magic
  8873 | D:9      | Reached skill level 5 in Earth Magic
  8873 | D:9      | Reached skill level 5 in Poison Magic
  8873 | D:9      | Reached XP level 11. HP: 32/84 MP: 19/24
  8897 | D:9      | Noticed a skeletal warrior
  8913 | D:9      | HP: 4/84 [skeletal warrior/+0 long sword (22)]
  8922 | D:9      | Identified the +1 ring mail of Darkness {rC+ rCorr Int-5
                  | Dex+3}
  8922 | D:9      | Noticed a tengu warrior
  8930 | D:9      | Killed a skeletal warrior
  9298 | D:9      | Noticed a cyclops
  9303 | D:9      | Killed a cyclops
  9304 | D:9      | Reached skill level 9 in Summonings
  9338 | D:9      | Noticed a centaur warrior
  9350 | D:9      | Hit by a stone thrown by a tengu warrior

Illustrated notes

Levels and vault maps discovered:
D:1:      arrival_aquarium_a, layout_loops_ring, ebering_ecumenical_altar_webs,
          serial_shops, nicolae_square_shop, minmay_cut_off
D:2:      layout_rooms, corexii_hall_statues_t, kennysheep_small_spiral,
          minmay_unequal
D:3:      layout_loops_ring, yredelemnul_forgotten_temple_becter,
          cheibriados_altar_1, mainiacjoe_overflow_catwalk
D:4:      layout_rooms, nicolae_ashenzari_skybound
D:5:      layout_gridville, lemuel_coloured_pillars_altar
D:6:      layout_cave_pods, kiku_gazebo_pond_becter, nicolae_ossuary_entry_giza,
          uniq_menkaure, uniq_pikel, uniq_edmund
D:7:      layout_cave_pools, old_standard_altar, minmay_temple_entry_nine_rooms,
          ebering_ghost_gozag
D:8:      layout_loops_ring, mainiacjoe_overflow_chevrons
D:9:      minmay_the_grid_square_5x5_4x4 [minmay_the_grid_square_5x5_z,
          minmay_the_grid_square_5x5_minibox,
          minmay_the_grid_square_5x5_fancy_junction,
          minmay_the_grid_square_5x5_checkered_statues,
          minmay_the_grid_square_5x5_gyroscope,
          minmay_the_grid_square_5x5_prize_itemx,
          minmay_the_grid_square_5x5_prize_open,
          minmay_the_grid_square_5x5_doubleslash,
          minmay_the_grid_square_5x5_inverted_slash,
          minmay_the_grid_square_5x5_prize_snowflake,
          minmay_the_grid_square_5x5_prize_waves, minmay_the_grid_square_5x5_c,
          minmay_the_grid_square_5x5_half_checkered,
          minmay_the_grid_square_5x5_inset, minmay_the_grid_square_5x5_shrine2,
          minmay_the_grid_square_5x5_longway], layout_loops_cross,
          amethyst_overflow_temple_binary, serial_shops,
          nicolae_shop_hallway_stairs, nicolae_shop_rolling_square,
          nicolae_underground_beach

Skill      XL: |  1  2  3  4  5  6  7  8  9 10 11 |
---------------+----------------------------------+-----
Spellcasting   | 5 6 7 8 |  8.2
Invocations    | 1 2 3 4 5 6 7 |  7.0
Fighting       | 1 2 3 5 6 |  6.3
Short Blades   | 1 2 3 5 6 |  6.3
Long Blades    | 1 2 3 5 6 |  6.3
Axes           | 1 2 3 5 6 |  6.3
Maces & Flails | 1 2 3 5 6 |  6.3
Polearms       | 1 2 3 5 6 |  6.3
Staves         | 1 2 3 5 6 |  6.3
Ranged Weapons | 1 2 3 5 6 |  6.3
Throwing       | 1 2 3 5 6 |  6.3
Armour         | 1 2 3 5 6 |  6.3
Shields        | 1 2 3 5 6 |  6.3
Unarmed Combat | 1 2 3 5 6 |  6.3
Evocations     | 1 2 3 5 6 |  6.3
Conjurations   | 1 2 3 4 5 |  5.3
Hexes          | 1 2 3 4 5 |  5.3
Necromancy     | 1 2 3 4 5 |  5.3
Translocations | 1 2 3 4 5 |  5.3
Transmutations | 1 2 3 4 5 |  5.3
Fire Magic     | 1 2 3 4 5 |  5.3
Ice Magic      | 1 2 3 4 5 |  5.3
Air Magic      | 1 2 3 4 5 |  5.3
Earth Magic    | 1 2 3 4 5 |  5.3
Poison Magic   | 1 2 3 4 5 |  5.3
Dodging        | 5 6 7 |  7.9
Stealth        | 5 6 7 |  7.7
Summonings     | 8 9 |  9.0

Action                     |  1- 3 |  4- 6 |  7- 9 | 10-12 || total
---------------------------+-------+-------+-------+-------++-------
  Melee: Whip              |    18 |    61 |       |       ||    79
         Punch             |     1 |     2 |     7 |     3 ||    13
         Bite              |     1 |    11 |    39 |     8 ||    59
         Hand axe          |       |    40 |   254 |    91 ||   385
  Throw: Dart              |       |     4 |    11 |    11 ||    26
         Boomerang         |       |       |       |    12 ||    12
   Cast: Summon Small Mamm |    13 |       |       |       ||    13
         Call Imp          |    10 |    12 |    34 |    20 ||    76
         Call Canine Famil |     1 |     6 |    20 |    20 ||    47
         Summon Guardian G |       |     5 |     6 |     5 ||    16
         Summon Lightning  |       |       |     3 |    10 ||    13
 Invoke: Curse Item        |       |       |     3 |     2 ||     5
  Evoke: Wand              |       |       |       |     6 ||     6
    Use: Scroll            |     4 |     4 |     1 |     4 ||    13
         Potion            |       |     2 |     2 |     3 ||     7
   Stab: Sleeping          |     2 |     2 |     1 |       ||     5
         Distracted        |       |       |     1 |     1 ||     2
 Armour: Robe              |     4 |    21 |    78 |    19 ||   122
  Dodge: Dodged            |     6 |    64 |   223 |    72 ||   365
